 Dungeon Crawl Stone Soup version 0.18.1-48-g4cf74bf (webtiles) character file.

60023 cutebanana the Warrior (level 14, -17/146 HPs)
             Began as a Minotaur Berserker on July 11, 2016.
             Was a High Priest of Trog.
             Demolished by an azure jelly (24 damage)
             ... on level 8 of the Lair of Beasts on July 12, 2016.
             The game lasted 01:35:29 (21876 turns).

cutebanana the Warrior (Minotaur Berserker)        Turns: 21876, Time: 01:35:30

Health: -17/146    AC: 16    Str: 26    XL:     14   Next: 55%
Magic:  0/14       EV: 14    Int:  6    God:    Trog [*****.]
Gold:   1481       SH:  0    Dex: 14    Spells: 0 memorised, 13 levels left

rFire  . . .     SeeInvis +     a - +8 great mace (venom)
rCold  . . .     Gourm    +     E - +0 plate armour
rNeg   . . .     Faith    .     (shield currently unavailable)
rPois  .         Spirit   .     (helmet restricted)
rElec  .         Dismiss  .     k - +0 cloak
rCorr  .         Reflect  .     i - +0 pair of gloves
SustAt .         Harm     .     (no boots)
MR     +....                    s - amulet of the gourmand
Stlth  ..........               w - +5 ring of strength
                                W - ring of see invisible

@: exhausted, slowed, very slow, somewhat resistant to hostile enchantments,
extremely unstealthy
A: retaliatory headbutt, horns 2, talons 1, thin metallic scales 1, blurry
vision 2, clever 1, deformed body, deterioration 1, weak 1, subdued magic 1
a: Berserk, Trog's Hand, Brothers in Arms, Burn Spellbooks, Renounce Religion


You were on level 8 of the Lair of Beasts.
You worshipped Trog.
Trog was extremely pleased with you.
You were very full.

You visited 4 branches of the dungeon, and saw 19 of its levels.
You also visited: Labyrinth.

You collected 1481 gold pieces.

Inventory:

Hand Weapons
 a - a +8 great mace of venom (weapon)
Armour
 i - a +0 pair of gloves (worn)
 k - a +0 cloak (worn)
 E - a +0 plate armour (worn)
Jewellery
 s - an amulet of the gourmand (around neck)
 w - a +5 ring of strength (right hand)
 D - an uncursed ring of ice
 N - an uncursed ring of protection from magic
 W - a ring of see invisible (left hand)
Wands
 q - a wand of acid (6/15)
 r - a wand of confusion (20/48)
 x - a wand of confusion (33/48)
 y - a wand of iceblast (4/15)
 C - a wand of flame (20/48)
 F - a wand of lightning (4/15)
 G - a wand of teleportation (3/9)
 H - a wand of lightning (9/15)
 I - a wand of iceblast (8/15)
 K - a wand of heal wounds (8/9)
 M - a wand of slowing (24/48)
 O - a wand of lightning (10/15)
 Q - a wand of iceblast (11/15)
 S - a wand of iceblast (7/15)
 U - a wand of teleportation (2/9)
 V - a wand of iceblast (5/15)
Scrolls
 g - 5 scrolls of remove curse
 m - 2 scrolls of immolation {unknown}
 o - 2 scrolls of enchant weapon
 t - 2 scrolls of enchant armour {unknown}
 v - 4 scrolls of fog
 L - 5 scrolls of identify
 R - a scroll of blinking {unknown}
 X - a scroll of teleportation {unknown}
Potions
 d - 6 potions of flight
 e - 4 potions of haste
 h - 2 potions of cure mutation
 l - 3 potions of might
 n - 9 potions of curing
 p - a potion of ambrosia
 z - 2 potions of resistance
 B - 3 potions of agility {unknown}
 P - 3 potions of lignification {unknown}
Miscellaneous
 b - a lamp of fire
 c - a fan of gales
Comestibles
 f - 11 meat rations
 u - 2 beef jerkies
 J - 4 slices of pizza
 T - 12 royal jellies
 Z - 12 bread rations


   Skills:
 * Level 19.6 Fighting
 - Level 12.0 Maces & Flails
 + Level 13.7 Armour
 + Level 12.5 Dodging
 + Level 1.5 Evocations


You had 13 spell levels left.
You didn't know any spells.

Dungeon Overview and Level Annotations

Branches:
Dungeon (9/15)             Temple (1/1) D:7            Lair (8/8) D:9
 Shoals (0/4) Lair:3        Snake (0/4) Lair:5        Slime (1/6) Lair:8
    Orc: D:9-12

Altars:
Ashenzari
Cheibriados
Dithmenos
Elyvilon
Fedhas
Gozag
Kikubaaqudgha
Makhleb
Nemelex Xobeh
Okawaru
Pakellas
Qazlal
Ru
Sif Muna
Trog
Vehumet
Xom
Yredelemnul
Zin
The Shining One

Shops:
D:5 *

Annotations:
D:5 Necrotakul's ghost, amateur GrEE


Innate Abilities, Weirdness & Mutations

You reflexively headbutt those who attack you in melee.
You have a pair of horns on your head.
You have sharp toenails.
You are partially covered in thin metallic scales (AC +2).
Scrolls take you longer to read.
Your mind is acute. (Int +2)
Armour fits poorly on your strangely shaped body.
Your body sometimes deteriorates upon taking damage.
You are weak. (Str -2)
Your spells are a little easier to cast, but a little less powerful.


Message History

Press: ? - help, Shift-Dir - straight line, f - you You feel much better.
This wand has 8 charges left.
The azure jelly hits you but does no damage.
The azure jelly misses you.
The azure jelly hits you but does no damage. x2
A large slime creature splits.
The azure jelly hits you but does no damage. x2
The azure jelly closely misses you.
The azure jelly hits you but does no damage.
The slime creature misses you. You furiously retaliate!
You headbutt the slime creature! You hit the slime creature.
You kill the slime creature!
Trog accepts your kill. The azure jelly hits you. The azure jelly freezes you!!
* * * LOW HITPOINT WARNING * * *
The azure jelly hits you!
* * * LOW HITPOINT WARNING * * *
The azure jelly freezes you!!
You die...

##########.......................
.##..####......P.........(.......
.......##.......P................
..P...P#P...............#.##.....
.......P.......#.#.......###....#
..#......................###....#
..........................#.....#
.#..........#...J...#....)......#
.##............J@...............#
##..........#...G...#.....#.....#
##.....................P.##.....#
.PP...P.P..............PPP......#
P.....P........#.#....PPPPP.P....
.........#P............PPP#PP#P.#
###..#.###...........#...########
###### #PP.......P.#..#.#
##(....P.#########


You could see an azure jelly, a slime creature and an eye of draining.

Vanquished Creatures
  A minotaur (Lab)
  8 hydras
  Erica (Lair:2)
  7 death yaks
  Sonja (Lair:2)
  2 griffons
  An oklob plant (Lair:6)
  Joseph (D:9)
  11 black mambas
  12 elephants
  A shining eye (Slime:1)
  14 spiny frogs
  5 rime drakes
  10 komodo dragons
  8 polar bears (Lair:8)
  A troll (D:9)
  A two-headed ogre (D:8)
  13 slime creatures
  26 blink frogs
  5 raiju (Lair:8)
  19 yaks
  8 hippogriffs
  4 basilisks
  5 wargs (Lair:8)
  Edmund (D:6)
  5 hell hounds (Lair:8)
  Duvessa (D:4)
  21 water moccasins
  3 orc warriors
  15 porcupines
  A wasp (D:8)
  An ice beast (D:8)
  A phantom (D:4)
  6 necrophages (Lair:5)
  4 ogres
  17 black bears
  2 eyes of draining (D:3)
  16 wolves
  3 centaurs
  14 crocodiles
  18 giant frogs
  A gnoll sergeant (D:8)
  Dowan (D:4)
  A wyvern zombie (D:9)
  2 scorpions
  3 wights (D:9)
  3 killer bees (D:5)
  An electric eel (D:7)
  A giant frog zombie (D:9)
  6 crimson imps
  14 hounds
  4 jellies (Lair:8)
  3 giant frog skeletons
  3 orc priests
  A gnoll shaman (D:4)
  Terence (D:3)
  5 orc wizards
  12 iguanas
  9 worker ants
  23 sheep
  A killer bee zombie (D:8)
  A hound zombie (D:6)
  A hound skeleton (D:4)
  A howler monkey skeleton (D:5)
  14 adders
  7 gnolls
  81 river rats
  5 worms
  4 giant geckos
  28 orcs
  4 bats
  3 giant cockroaches
  6 goblins
  4 hobgoblins
  7 jackals
  4 kobolds
  3 quokkas
  A ball python (D:4)
  5 giant newts
  A jackal skeleton (D:3)
  A jackal zombie (D:7)
  5 rats
  A fungus (D:4)
  2 plants
578 creatures vanquished.

Vanquished Creatures (others)
  20 fungi
  19 plants
39 creatures vanquished.

Grand Total: 617 creatures vanquished

Notes
Turn   | Place    | Note
--------------------------------------------------------------
     0 | D:1      | cutebanana the Minotaur Berserker began the quest for the Orb.
     0 | D:1      | Reached XP level 1. HP: 19/19 MP: 0/0
   440 | D:1      | Reached XP level 2. HP: 27/27 MP: 1/1
   498 | D:1      | Reached skill level 4 in Fighting
   739 | D:2      | Found a deep blue altar of Sif Muna.
   835 | D:2      | Found a glowing silver altar of Zin.
   883 | D:2      | Reached XP level 3. HP: 22/34 MP: 2/2
  1307 | D:2      | Reached ** piety under Trog
  1496 | D:3      | Found a radiant altar of Vehumet.
  1509 | D:3      | Reached skill level 5 in Maces & Flails
  1577 | D:3      | Noticed Terence
  1580 | D:3      | Killed Terence
  1580 | D:3      | Reached XP level 4. HP: 41/41 MP: 3/3
  1737 | D:3      | Noticed an eye of draining
  1749 | D:3      | Reached skill level 5 in Fighting
  1758 | D:3      | Killed an eye of draining
  1758 | D:3      | Reached XP level 5. HP: 48/48 MP: 0/4
  1767 | D:3      | Noticed an eye of draining
  1769 | D:3      | Found a bloodstained altar of Trog.
  1781 | D:3      | Killed an eye of draining
  1781 | D:3      | Reached XP level 6. HP: 57/57 MP: 1/5
  2179 | D:4      | Reached skill level 6 in Fighting
  2334 | D:4      | Reached *** piety under Trog
  2339 | D:4      | Reached XP level 7. HP: 51/64 MP: 6/6
  2697 | D:4      | Noticed Duvessa
  2699 | D:4      | Noticed Dowan
  2703 | D:4      | Killed Duvessa
  2712 | D:4      | Killed Dowan
  2712 | D:4      | Reached skill level 7 in Fighting
  3030 | D:4      | Reached XP level 8. HP: 56/73 MP: 7/7
  3037 | D:5      | Entered Level 5 of the Dungeon
  3141 | D:5      | Reached skill level 10 in Maces & Flails
  3370 | D:5      | Reached skill level 8 in Fighting
  3939 | D:5      | Found a shattered altar of Ashenzari.
  4003 | D:5      | Found Poxug's Assorted Antiques.
  4067 | D:5      | Noticed Necrotakul's ghost (amateur GrEE)
  4724 | D:6      | Reached skill level 9 in Fighting
  4948 | D:6      | Reached **** piety under Trog
  4965 | D:6      | Reached XP level 9. HP: 80/83 MP: 8/8
  5353 | D:6      | Noticed Edmund
  5359 | D:6      | Killed Edmund
  5798 | D:7      | Found a staircase to the Ecumenical Temple.
  5825 | Temple   | Entered the Ecumenical Temple
  5898 | D:7      | Reached skill level 10 in Fighting
  6710 | D:8      | Reached skill level 5 in Armour
  6712 | D:8      | Received a gift from Trog
  6737 | D:8      | Reached ***** piety under Trog
  6737 | D:8      | Reached skill level 11 in Fighting
  6999 | D:8      | Reached XP level 10. HP: 79/96 MP: 9/9
  7079 | D:8      | Found a shimmering altar of Xom.
  7197 | D:8      | Found a burning altar of Makhleb.
  7502 | D:9      | Noticed Joseph
  7517 | D:9      | Killed Joseph
  7666 | D:9      | Got a glittering lead amulet
  7677 | D:9      | Reached skill level 5 in Dodging
  7865 | D:9      | Reached skill level 12 in Fighting
  7947 | D:9      | Found a staircase to the Lair.
  8358 | Lair:1   | Entered Level 1 of the Lair of Beasts
  8425 | Lair:1   | Identified the amulet "Zaostraa" {Dismiss Int+2} (You found it on level 9 of the Dungeon)
  8534 | Lair:1   | Noticed a spiny frog
  8539 | Lair:1   | Killed a spiny frog
  8565 | Lair:1   | Received a gift from Trog
  8673 | Lair:1   | Reached skill level 13 in Fighting
  8916 | Lair:1   | Got a brightly glowing whip
  8917 | Lair:1   | Identified the +1 whip of Hipnonge {holy, MR+ Str+5} (You found it on level 1 of the Lair of Beasts)
  8936 | Lair:1   | Reached XP level 11. HP: 77/107 MP: 10/10
  9701 | Lair:2   | Noticed Erica
  9838 | Lair:2   | Killed Erica
  9838 | Lair:2   | Reached skill level 14 in Fighting
  9948 | Lair:2   | Noticed Sonja
  9964 | Lair:2   | Killed Sonja
 11083 | Lair:3   | HP: 5/111 [poisoned by a spiny frog]
 11617 | Lair:3   | Got a distressingly furry chain mail
 11628 | Lair:3   | Identified the cursed +0 chain mail of Too Many Cooks {+Blink rN+} (You found it on level 3 of the Lair of Beasts)
 11637 | Lair:3   | Found a staircase to the Shoals.
 12666 | Lair:3   | Noticed a six-headed hydra
 12678 | Lair:3   | Killed a six-headed hydra
 12678 | Lair:3   | Reached skill level 15 in Fighting
 13314 | Lair:4   | Reached XP level 12. HP: 90/121 MP: 11/11
 13378 | Lair:4   | Found a labyrinth entrance.
 13389 | Lab      | Entered a labyrinth
 13652 | Lab      | Noticed a minotaur
 13662 | Lab      | Killed a minotaur
 13662 | Lab      | Reached skill level 10 in Armour
 14474 | Lair:5   | Gained mutation: Your mind is acute. (Int +2) [potion of beneficial mutation]
 14962 | Lair:5   | Reached skill level 16 in Fighting
 15886 | Lair:5   | Found a staircase to the Snake Pit.
 16173 | Lair:5   | Reached skill level 10 in Dodging
 16785 | Lair:5   | Noticed a five-headed hydra
 16789 | Lair:5   | Killed a five-headed hydra
 17029 | Lair:6   | Noticed an eight-headed hydra
 17033 | Lair:6   | Killed an eight-headed hydra
 17227 | Lair:6   | Noticed a seven-headed hydra
 17234 | Lair:6   | Killed a seven-headed hydra
 17234 | Lair:6   | Reached skill level 17 in Fighting
 17234 | Lair:6   | Reached XP level 13. HP: 78/131 MP: 12/12
 18662 | Lair:7   | Reached skill level 18 in Fighting
 18959 | Lair:7   | Received a gift from Trog
 19268 | Lair:8   | Entered Level 8 of the Lair of Beasts
 19291 | Lair:8   | Found a staircase to the Slime Pits.
 20195 | Lair:8   | Reached XP level 14. HP: 92/144 MP: 13/13
 20615 | Lair:8   | Reached skill level 19 in Fighting
 20921 | Lair:8   | Gained mutation: You are clumsy. (Dex -2) [potion of mutation]
 20921 | Lair:8   | Gained mutation: Your spells are a little easier to cast, but a little less powerful. [potion of mutation]
 20921 | Lair:8   | Gained mutation: You are weak. (Str -2) [potion of mutation]
 20922 | Lair:8   | Lost mutation: You are clumsy. (Dex -2) [potion of mutation]
 20923 | Lair:8   | Gained mutation: You expend magic power (3 MP) to strengthen your wands. [potion of mutation]
 20923 | Lair:8   | Gained mutation: You are robust (+10% HP). [potion of mutation]
 20923 | Lair:8   | Gained mutation: You are partially covered in thin metallic scales (AC +2). [potion of mutation]
 20924 | Lair:8   | Lost mutation: You expend magic power (3 MP) to strengthen your wands. [potion of mutation]
 20924 | Lair:8   | Gained mutation: You tend to lose your temper in combat. [potion of mutation]
 20924 | Lair:8   | Gained mutation: You have sharp toenails. [potion of mutation]
 21101 | Lair:8   | Received a gift from Trog
 21825 | Slime:1  | Entered Level 1 of the Pits of Slime
 21832 | Slime:1  | Gained mutation: Your body sometimes deteriorates upon taking damage. [a shining eye]
 21835 | Slime:1  | Gained mutation: Scrolls take you a little longer to read. [a shining eye]
 21839 | Slime:1  | Lost mutation: You are robust (+10% HP). [a shining eye]
 21842 | Slime:1  | Reached skill level 1 in Evocations
 21842 | Slime:1  | Gained mutation: Armour fits poorly on your strangely shaped body. [a shining eye]
 21858 | Slime:1  | Noticed an azure jelly
 21870 | Slime:1  | Gained mutation: Scrolls take you longer to read. [a shining eye]
 21871 | Slime:1  | Lost mutation: You tend to lose your temper in combat. [a shining eye]
 21876 | Lair:8   | HP: 7/146 [azure jelly (7)]
 21876 | Lair:8   | Demolished by an azure jelly

Skill      XL: |  1  2  3  4  5  6  7  8  9 10 11 12 13 14 |
---------------+-------------------------------------------+-----
Maces & Flails | 4 5 6 8 9 11 12 | 12.0
Fighting       | 4 5 6 7 9 11 13 15 17 18 19 | 19.6
Armour         | 5 7 9 11 13 | 13.7
Dodging        | 4 6 8 10 11 12 | 12.5
Evocations     | 1 |  1.5

Action                   |  1- 3 |  4- 6 |  7- 9 | 10-12 | 13-15 || total
-------------------------+-------+-------+-------+-------+-------++-------
Melee: Mace              |    61 |    97 |   185 |       |       ||   343
       Headbutt          |    12 |    21 |    61 |   108 |   130 ||   332
       Dire flail        |       |       |   157 |   125 |       ||   282
       Great mace        |       |       |       |   366 |   524 ||   890
       Kick              |       |       |       |       |    67 ||    67
Invok: Berserk           |     1 |     2 |     5 |     5 |     1 ||    14
       Burn Spellbooks   |       |       |       |       |     1 ||     1
       Trog's Hand       |       |       |       |       |     1 ||     1
Evoke: Wand              |       |       |       |       |     1 ||     1
  Use: Scroll            |       |       |     8 |    10 |     2 ||    20
       Potion            |       |       |       |     6 |     7 ||    13
 Stab: Invisible         |       |       |       |     1 |       ||     1
  Eat: Chunk             |     7 |    10 |    20 |    47 |    16 ||   100
Armor: Chain mail        |    26 |    43 |    10 |    11 |       ||    90
       Ring mail         |     3 |       |       |       |       ||     3
       Plate armour      |       |       |   165 |   265 |   365 ||   795
Dodge: Dodged            |    28 |    34 |   122 |   216 |   470 ||   870
